 Dungeon Crawl Stone Soup version 0.29-a0-565-g7a16c6de65 (webtiles) character file.

Game seed: 10997780950678789983

16 27snakeeyes612 the Skirmisher (level 2, -11/28 HPs)
             Began as a Naga Fighter on June 12, 2022.
             Mangled by a kobold
             ... wielding a +0 whip of electrocution
              (20 damage)
             ... on level 1 of the Dungeon.
             The game lasted 00:00:22 (481 turns).

27snakeeyes612 the Skirmisher (Naga Fighter)         Turns: 481, Time: 00:00:22

Health: -11/28     AC:  5    Str: 18    XL:     2   Next: 54%
Magic:  2/2        EV:  7    Int:  8    God:
Gold:   57         SH:  4    Dex: 10    Spells: 1/1 levels left

rFire   . . .      SeeInvis +   a - +0 flail
rCold   . . .      Faith    .   c - +0 buckler
rNeg    . . .      Spirit   .   b - +0 scale mail
rPois   +          Reflect  .   (no helmet)
rElec   .          Harm     .   (no cloak)
rCorr   .          Rampage  .   k - +0 pair of gloves
Will    .....                   (no barding)
Stlth   ..........              (no amulet)
HPRegen 0.09/turn               (no ring)
MPRegen 0.08/turn               (no ring)

@: very slow
A: AC +0, large, see invisible, deformed body, poison resistance, slowness 2,
spit poison 1, naga tail 1
a: Spit Poison


You were on level 1 of the Dungeon.
You visited 1 branch of the dungeon, and saw 1 of its levels.

You collected 57 gold pieces.

Inventory:

Hand Weapons
 a - a +0 flail (weapon)
Armour
 b - a +0 scale mail (worn)
 c - a +0 buckler (worn)
 k - a +0 pair of gloves (worn)
Scrolls
 e - a scroll of fog {unknown}
 f - a scroll of enchant weapon {unknown}
 g - a scroll of immolation {unknown}
Potions
 d - a potion of might
 h - a potion of degeneration {unknown}
 i - a potion of brilliance {unknown}
 j - a potion of curing {unknown}


   Skills:
 + Level 3.2 Fighting
 + Level 2.3 Maces & Flails
 + Level 2.6 Armour
 + Level 2.9 Shields


You had one spell level left.
You didn't know any spells.
Your spell library contained the following spells:

 Spells                   Type           Power      Damage    Failure   Level
 Gell's Gravitas          Tloc           0%         N/A       99%         3
 Lesser Beckoning         Tloc           0%         N/A       99%         3
 Teleport Other           Tloc           0%         N/A       99%         3


Dungeon Overview and Level Annotations

Branches:
Dungeon (1/15)

Altars:


Innate Abilities, Weirdness & Mutations

Your serpentine skin is tough. (AC +0)
You have supernaturally acute eyesight. (SInv)
Armour fits poorly on your strangely shaped body.
Your system is resistant to poisons. (rPois)
You cover ground very slowly.
You can spit poison.
You have a snake-like lower body.


Message History

The frilled lizard bites you but does no damage.
The frilled lizard bites you.
You hit the frilled lizard.
You kill the frilled lizard!
No target in view!
No target in view!
No target in view!
No target in view!
No target in view!
You now have 39 gold pieces (gained 10).
You now have 48 gold pieces (gained 9).
You now have 57 gold pieces (gained 9).
You open the door.
Found 45 stones, a runed spear and 6 boomerangs.
Found a ring mail.
An endoplasm comes into view.
You sock the endoplasm!
You kill the endoplasm!
No target in view!
No target in view!
No target in view!
A kobold comes into view.
It is wielding a +0 whip of electrocution.
The kobold shouts!
A kobold is nearby!
A kobold is nearby!
The kobold barely misses you. The kobold hits you but does no damage.
You barely miss the kobold.
The kobold hits you with a +0 whip of electrocution.
You are electrocuted!!
Ouch! That really hurt!
You are too injured to fight recklessly!
You are too injured to fight recklessly!
You are too injured to fight recklessly!
You are too injured to fight recklessly!
You are too injured to fight recklessly!
You are too injured to fight recklessly!
You closely miss the kobold. The kobold hits you but does no damage.
You are electrocuted!!
Ouch! That really hurt!
You die...

#.......###....
#.##.##...#.#..
#.##.#......#.#
#.##...........
#.####........#
#.#####...8.8##
#........##.###
################.##.#.#
#....K@.# #..#....
#.#####.# ####...<
##.#####.## #....
..........# #.#.#
##.#####..## #.###
####...## #.#
.......#..# #.#
....#.###.# #.### ...
#..#..########....


You could see a kobold.

Vanquished Creatures
  A dart slug (D:1)
  2 bats (D:1)
  3 endoplasms (D:1)
  A goblin (D:1)
  A hobgoblin (D:1)
  2 ball pythons (D:1)
  2 frilled lizards (D:1)
  A kobold (D:1)
  A rat (D:1)
14 creatures vanquished.

Notes
Turn   | Place    | Note
-------+----------+-------------------------------------------
     0 | D:1      | 27snakeeyes612 the Naga Fighter began the quest for the
                  | Orb.
     0 | D:1      | Reached XP level 1. HP: 21/21 MP: 1/1
    33 | D:1      | Found a faded altar of an unknown god.
   220 | D:1      | Reached XP level 2. HP: 28/28 MP: 2/2
   481 | D:1      | Mangled by a kobold

Illustrated notes

Levels and vault maps discovered:
D:1:      psy_arrival_basics, layout_loops_cross,
          hellmonk_ecumenical_altar_run_dry, serial_shops, shop,
          supply_closet_lemuel, nicolae_concentric_dashed_squares_wild

Action                   || total
-------------------------++-------
Melee: Flail             ||    32
Armor: Scale mail        ||    18
Dodge: Dodged            ||    11
Block: Buckler           ||     5

Table legend: (Time is in decaauts)
 A = Elapsed time spent in this place.
 B = Non-inter-level travel time spent in this place.
 C = Inter-level travel time spent in this place.
 D = Time resting spent in this place.
 E = Time spent auto-exploring this place.
 F = Levels seen in this place.
 G = Mean time per level.
                   A        B        C        D        E       F      G
               +--------+--------+--------+--------+--------+-----+--------+
         Total |    643 |    628 |     15 |      0 |    517 |   1 |  643.0 |
       Dungeon |    643 |    628 |     15 |      0 |    517 |   1 |  643.0 |
               +--------+--------+--------+--------+--------+-----+--------+

Top non-repeatable levels by time:
     D:1: 643 daAuts
